 BcadrenCrawl: Boulder Brew version 0.06-1-g1ca0b04cec (webtiles) character file.

Game seed: 5531756752937995382, levelgen mode: deterministic

116 petercordia the Dualist (level 4, 0/38 HPs) Immature Draconian Priest. Began on June 16, 2022. Was a Believer of Bahamut & Tiamat. Splashed by a jelly's acid (8 damage) ... on level 2 of the Dungeon. The game lasted 00:13:05 (1006 turns).

petercordia the Dualist (Immature Draconian Priest) Turns: 1006, Time: 00:13:07

Health: 0/38       AC:  2    Str: 12    XL:     4 ^: 30
Magic:  7/7        EV: 12    Int: 18    God:    Bahamut & Tiamat [2* [68]]
Gold:   122        SH:  1    Dex:  8    Spells: 3/3 levels left

rFire    . . .     Slash    +   c - +0 short sword
rCold    . . .     Pierce   x   i - +0 sai
rNeg     . . .     Bludgeon .   (armour unavailable)
rCorr    . . .     Vision   .   (helmet restricted)
rPois    .         Gourm    .   (no cloak)
rElec    .         Faith    +   (no gloves)
MR       .....     Spirit   .   (no boots)
HPRegen  0.22/turn Reflect  .   j - amulet of faith
MPRegen  0.17/turn Harm     .   (no ring)
Stlth    +.........             (no ring)

@: corroded
A: deformed body 2, cold-blooded, draconic flesh, AC +6
a: Breathe Dart, Adaptive Breath, Renounce Religion


You were on level 2 of the Dungeon.
You worshipped Bahamut & Tiamat.
Bahamut & Tiamat was pleased with you.
You were not hungry.

You visited 1 branch of the dungeon, and saw 2 of its levels.
You also visited: Temple.

You collected 122 gold pieces.

Inventory:

Weapons
 c - a +0 short sword (weapon) Shields
 i - a +0 sai (weapon)
Jewellery
 e - a cursed amulet of regeneration {(Curse: MR-)}
 j - an amulet of faith (around neck)
Scrolls
 d - 2 scrolls of fog
 f - 2 scrolls of enchantment
Potions
 g - a potion of curing
 h - a potion of might
Comestibles
 a - 4 rations
 b - 3 chunks of flesh


   Skills:
 + Level 3.5 Fighting
 - Level 3.0 Dodging
 - Level 1.4 Stealth
 - Level 2.6 Unarmed Combat
 + Level 4.1 Invocations


You had 3 spell levels left.
You didn't know any spells.
Your spell library was empty.

Dungeon Overview and Level Annotations

Branches:
Dungeon (2/8)

Altars:


Innate Abilities, Weirdness & Mutations

Your plain brown scales are resilient. (AC +6)
You can breathe rudimentary magical darts.
You cannot wear any armour on your peculiar form.
You are cold-blooded and are slowed more easily by cold attacks.
Your scales resist being cut, but it�s oddly easy to stick a small blade between them. (rSlashing+, rPiercing-)


Message History

Unknown command.
Unknown command.
Unknown command.
You hit the jelly but do no damage.
Your hands burn (3).
You hit the jelly (3).
It resists.
The jelly is lightly wounded. (15/18) HP You hit the jelly (1).
It resists.
The acid corrodes you!
Your hands burn (4).
You hit the jelly (1).
It resists.
The jelly is moderately wounded. (13/18) HP The jelly hits you (2).
You are splashed with acid (7)!
The jelly hits you (2).
You are splashed with acid (8)!
Some of the chunks of flesh in your inventory have rotted away.
You hit the jelly but do no damage.
Your hands burn (3).
* * * LOW HITPOINT WARNING * * *
You hit the jelly but do no damage.
Your tail-slap misses the jelly.
The jelly is moderately wounded. (13/18) HP The jelly hits you (2).
* * * LOW HITPOINT WARNING * * *
You are splashed with acid (8)!
You die...

.≈≈PPPPPPP.≈≈≈≈
.≈≈≈≈≈P≈P..≈≈≈≈
≈≈≈≈≈≈≈≈.≈≈≈≈≈
≈≈≈≈≈≈≈≈≈;≈≈≈
P≈≈≈≈≈PP≈≈≈≈
PPP≈≈.P≈≈≈≈


PP≈J..≈PP #@## ##..### #..##.###≈.# ##≈...≈.≈≈# ##.<#...## #≈###### #.≈. ##≈..
##.# You could see a jelly and a neutral submerged slimehead (wandering)
(passive).

Vanquished Creatures
  5 giant cockroaches (D:1)
  A cinder newt (D:1)
  3 dart slugs (D:1)
  2 leopard geckos (D:1)
  6 bats (D:1)
  4 goblins (D:1)
  3 hobgoblins (D:1)
  3 kobolds (D:1)
  5 rats (D:1)
  A withered plant (D:2)
33 creatures vanquished.

Vanquished Creatures (others)
  A withered plant (D:2)
1 creature vanquished.

Grand Total: 34 creatures vanquished

Notes
Turn   | Place    | Note
-------+----------+-------------------------------------------
     0 | Start Te | petercordia the Immature Draconian Priest began the quest
                  | for the Orb.
     0 | Start Te | Reached XP level 1. HP: 14/14 MP: 3/3
     0 | Start Te | Found a sparkling altar of Nemelex Xobeh.
     1 | Start Te | Found a basalt altar of Yredelemnul.
     1 | Start Te | Found a white marble altar of Elyvilon.
     2 | Start Te | Found an iron altar of Okawaru.
     3 | Start Te | Found a glowing silver altar of Zin.
     3 | Start Te | Found a blossoming altar of Fedhas.
     4 | Start Te | Found a stormy altar of Qazlal.
     5 | Start Te | Found a glowing golden altar of the Shining One.
     5 | Start Te | Found an opulent altar of Gozag.
     6 | Start Te | Found a sacrificial altar of Ru.
     7 | Start Te | Found an ornate altar of Bahamut and Tiamat.
     7 | Start Te | Found a hazy altar of Hepliaklqana.
    62 | Start Te | Became a worshipper of Bahamut & Tiamat
    62 | Start Te | Reached * piety under Bahamut & Tiamat
    62 | Start Te | Reached ** piety under Bahamut & Tiamat
   115 | D:1      | Reached XP level 2. HP: 25/25 MP: 5/5
   196 | D:1      | Reached XP level 3. HP: 31/31 MP: 6/6
   261 | D:1      | Reached XP level 4. HP: 32/38 MP: 3/7
  1006 | D:2      | Splashed by a jelly's acid

Levels and vault maps discovered:
D:1:      co_arrival_two_rings, layout_cave_pools, kennysheep_boxes,
          portal_sewer_entry_a
D:2:      kennysheep_big_flooded_room, layout_sewer, kennysheep_mini_moat,
          bcadren_lemuel_inverted_doored_altar, nemelex_spade_bored_becter

Skill      XL: |  1  2  3  4 |
---------------+-------------+-----
Fighting       | 2 3 |  3.5
Dodging        | 2 3 |  3.0
Stealth        | |  1.4
Unarmed Combat | |  2.6
Invocations    | |  4.1

Action                   |  1- 3 |  4- 6 || total
-------------------------+-------+-------++-------
Melee: Unarmed           |    27 |    47 ||    74
       Short sword       |       |    27 ||    27
       Sai               |       |    22 ||    22
       Peck              |       |     5 ||     5
Invok: Choose Bahamut's  |     1 |       ||     1
       Choose Tiamat's A |     1 |       ||     1
       Adaptive Breath   |     2 |       ||     2
 Abil: Breathe Dart      |     3 |       ||     3
 Stab: Sleeping          |       |     1 ||     1
  Eat: Chunk             |       |     1 ||     1
Armor: Skin              |     6 |    14 ||    20
Dodge: Dodged            |     2 |    12 ||    14
